 Dungeon Crawl Stone Soup version 0.31-a0-865-g3d5d91748a (webtiles) character file.

Game seed: 14849984673902496885

552 Joey1 the Cutter (level 7, -2/56 (61) HPs)
             Began as a Minotaur Fighter on Oct 10, 2023.
             Was a Follower of Cheibriados.
             Slain by Maggie
             ... wielding a +0 war axe of draining
              (3 damage)
             ... on level 6 of the Dungeon.
             The game lasted 00:08:25 (3818 turns).

Joey1 the Cutter (Minotaur Fighter)                 Turns: 3818, Time: 00:08:26

HP:   -2/56 (61)    AC:  9    Str: 22    XL:     7   Next: 8%
MP:   0/6           EV:  8    Int:  7    God:    Cheibriados [*.....]
Gold: 197           SH:  5    Dex: 14    Spells: 6/6 levels left

rFire   . . .        x - +0 long sword
rCold   . . .        c - +0 buckler
rNeg    . . .        u - +0 chain mail
rPois   .            (helmet restricted)
rElec   .            (no cloak)
rCorr   .            (no gloves)
SInv    .            (no boots)
Will    .....        h - amulet of guardian spirit Stlth
                     (no ring)
HPRegen 0.29/turn    (no ring)
MPRegen 0.10/turn

%: guardian spirit
@: mighty, mesmerised, drained, very slow
A: horns 2, retaliatory headbutt
a: Renounce Religion, Bend Time


You were on level 6 of the Dungeon.
You worshipped Cheibriados.
Cheibriados was aware of your devotion.
You visited 2 branches of the dungeon, and saw 7 of its levels.

You collected 197 gold pieces.

Inventory:

Hand Weapons
 a - a +0 rapier
 x - a +0 long sword (weapon)
Armour
 b - a +0 scale mail
 c - a +0 buckler (worn)
 u - a +0 chain mail (worn)
Jewellery
 h - an amulet of guardian spirit (around neck)
 o - an amulet of the acrobat
 z - a +6 ring of intelligence
Scrolls
 f - 2 scrolls of identify {unknown}
 j - a scroll of blinking {unknown}
 k - a scroll of enchant weapon {unknown}
 l - 4 scrolls of teleportation {unknown}
 p - a scroll of fog {unknown}
 q - a scroll of vulnerability {unknown}
 r - a scroll of brand weapon {unknown}
 y - a scroll of silence {unknown}
Potions
 d - 2 potions of might
 e - 2 potions of lignification {unknown}
 g - a potion of attraction {unknown}
 i - a potion of degeneration {unknown}
 m - a potion of cancellation {unknown}
 n - a potion of heal wounds {unknown}
 s - a potion of enlightenment {unknown}
 t - a potion of brilliance {unknown}
 v - a potion of curing {unknown}
 w - a potion of magic {unknown}


   Skills:
 - Level 5.0 Fighting
 - Level 5.3(5.9) Short Blades
 * Level 3.8(5.4) Long Blades
 - Level 5.0 Armour
 - Level 5.0 Shields


You had 6 spell levels left.
You didn't know any spells.
Your spell library was empty.

Dungeon Overview and Level Annotations

Branches:
Dungeon (6/15)             Temple (1/1) D:4

Altars:
Ashenzari
Cheibriados
Dithmenos
Elyvilon
Fedhas
Gozag
Kikubaaqudgha
Makhleb
Nemelex Xobeh
Okawaru
Qazlal
Ru
Sif Muna
Uskayaw
Vehumet
Xom
Yredelemnul
Zin

Annotations:
D:6 Maggie


Innate Abilities, Weirdness & Mutations

You have a pair of horns on your head.
You reflexively headbutt those who attack you in melee.


Message History

Maggie draws you further into her thrall.
The orc priest hits you but does no damage.
You hear a shout!
You slash the orc!
You kill the orc!
Cheibriados appreciates the change of pace.
The orc wizard gestures wildly while chanting.
The orc wizard flickers and vanishes!
Deactivating autopickup; reactivate with Ctrl-A.
The orc hits you but does no damage.
An orc wizard comes into view. It is wielding a +0 dagger.
You feel less confused.
There is a stone staircase leading up here.
You cannot move away from Maggie!
You hit something. Your headbutt misses something. The orc barely misses you.
The orc wizard gestures wildly while chanting.
The orc wizard flickers and vanishes!
The orc priest looks braver for a moment.
You slash something!
Cheibriados appreciates the change of pace.
Reactivating autopickup.
You feel a bit more experienced.
You barely miss Maggie.
The orc hits you with a +2 hand axe of freezing.
The orc freezes you.
Maggie hits you with a +0 war axe of draining!
* * * LOW HITPOINT WARNING * * *
You feel drained.
* * * LOW HITPOINT WARNING * * *
You slash Maggie! You headbutt Maggie!
Maggie is moderately wounded.
The orc barely misses you. You furiously retaliate!
You headbutt the orc!
You kill the orc!
Cheibriados appreciates the change of pace.
You can now bend time to slow others.
Cheibriados raises the support of your attributes as your movement slows.
Maggie hits you with a +0 war axe of draining!
* * * LOW HITPOINT WARNING * * *
You feel drained.
You die...

#..........
#..........
##..........
##.........#
#.#.........#
#......o....#
#.....ooJ..#
#..###@o.#
#..^@)o.#
##..###..#
#.) #...#
#..# .....
#.. .##. ...
# #.. ...


You could see Maggie (mesmerising), a jelly, an orc priest, an orc wizard and 2
orcs.

Vanquished Creatures
  A phantom (D:4)
  A scorpion (D:5)
  An orc priest (D:5)
  A sleepcap (D:5)
  3 iguanas (D:4)
  3 orc wizards
  Robin (D:3)
  9 adders
  2 worms (D:4)
  3 dart slugs
  8 orcs
  6 endoplasms
  4 giant cockroaches
  17 goblins
  11 hobgoblins
  3 jackals (D:4)
  8 kobolds
  5 quokkas
  15 ball pythons
  5 bats
  A frilled lizard (D:1)
  4 rats
112 creatures vanquished.

Notes
Turn   | Place    | Note
-------+----------+-------------------------------------------
     0 | D:1      | Joey1 the Minotaur Fighter began the quest for the Orb.
     0 | D:1      | Reached XP level 1. HP: 19/19 MP: 0/0
   114 | D:1      | Reached XP level 2. HP: 27/27 MP: 1/1
   467 | D:1      | Reached XP level 3. HP: 33/33 MP: 2/2
   858 | D:2      | Reached XP level 4. HP: 29/40 MP: 3/3
   998 | D:2      | Found a faded altar of an unknown god.
  1461 | D:3      | Noticed Robin
  1535 | D:3      | Killed Robin
  1536 | D:3      | Reached XP level 5. HP: 43/47 MP: 2/4
  1629 | D:3      | Found an iron altar of Okawaru.
  1648 | D:3      | Found a sacrificial altar of Ru.
  2014 | D:4      | Found a radiant altar of Vehumet.
  2511 | D:4      | Found a staircase to the Ecumenical Temple.
  2524 | D:4      | Reached skill level 1 in Long Blades
  2529 | Temple   | Entered the Ecumenical Temple
  2542 | Temple   | Became a worshipper of Cheibriados the Contemplative
  2573 | D:4      | Noticed a phantom
  2586 | D:4      | Killed a phantom
  2587 | D:4      | Reached XP level 6. HP: 38/55 MP: 3/5
  2727 | D:4      | Reached skill level 5 in Fighting
  3106 | D:5      | Entered Level 5 of the Dungeon
  3278 | D:5      | Reached skill level 5 in Short Blades
  3278 | D:5      | Reached skill level 5 in Armour
  3278 | D:5      | Reached skill level 5 in Shields
  3446 | D:5      | Found a burning altar of Makhleb.
  3684 | D:5      | Found an opulent altar of Gozag.
  3700 | D:5      | Reached XP level 7. HP: 47/61 MP: 6/6
  3806 | D:6      | Noticed Maggie
  3818 | D:6      | Reached * piety under Cheibriados
  3818 | D:6      | HP: 1/58 [Maggie/+0 war axe of draining (5)]
  3818 | D:6      | Slain by Maggie

Illustrated notes

Levels and vault maps discovered:
D:1:      doesnt_arrival_eight_statues, layout_basic, minmay_hexomino_u4
D:2:      layout_loops_cross, shapermc_ecumenical_altar_starsandcircs,
          minivault_23, nrook_mini_backslash
D:3:      layout_rooms, mainiacjoe_overflow_tiny_flanked,
          mainiacjoe_overflow_paths, uniq_robin
D:4:      layout_basic, mainiacjoe_overflow_24_doors,
          minmay_temple_entry_statues_fountains, kennysheep_pointless_box
D:5:      layout_loops_cross, lightli_temple_of_fire, nicolae_gozag_seed_capital
D:6:      layout_layer_cave, gammafunk_ghost_split, minmay_chambers_of_fives,
          uniq_maggie, uniq_jeremiah, uniq_edmund
Temple:   compressed_dpeg_triangle_lava_temple

Skill      XL: |  1  2  3  4  5  6 |
---------------+-------------------+-----
Armour         | 4 5 |  5.0
Fighting       | 4 5 |  5.0
Short Blades   | 3 4 5 |  5.3
Shields        | 4 5 |  5.0
Long Blades    | 1 3 |  3.8

Action                     |  1- 3 |  4- 6 |  7- 9 || total
---------------------------+-------+-------+-------++-------
  Melee: Rapier            |    81 |   105 |       ||   186
         Headbutt          |     9 |    25 |     1 ||    35
         Long sword        |       |   108 |     9 ||   117
    Use: Potion            |       |       |     1 ||     1
 Armour: Scale mail        |    68 |    61 |       ||   129
         Chain mail        |       |    91 |    13 ||   104
  Dodge: Dodged            |    49 |    80 |     7 ||   136
  Block: Buckler           |    25 |    51 |     1 ||    77

Table legend: (Time is in decaauts)
 A = Elapsed time spent in this place.
 B = Non-inter-level travel time spent in this place.
 C = Inter-level travel time spent in this place.
 D = Time resting spent in this place.
 E = Time spent auto-exploring this place.
 F = Levels seen in this place.
 G = Mean time per level.
                   A        B        C        D        E       F      G
               +--------+--------+--------+--------+--------+-----+--------+
         Total |   4167 |   3933 |    234 |     44 |   3223 |   7 |  595.3 |
       Dungeon |   4137 |   3929 |    208 |     44 |   3223 |   6 |  689.5 |
        Temple |     30 |      4 |     26 |      0 |      0 |   1 |   30.0 |
               +--------+--------+--------+--------+--------+-----+--------+

Top non-repeatable levels by time:
     D:4: 1268 daAuts
     D:5: 879 daAuts
     D:2: 787 daAuts
     D:1: 704 daAuts
     D:3: 482 daAuts
  Temple: 30 daAuts
     D:6: 16 daAuts
